 Dungeon Crawl Stone Soup version 0.27.1-2-g3b301248ec (webtiles) character file.

Game seed: 1225165823587360018

343 H0rd4k the Covered (level 6, -3/46 HPs)
             Began as a Human Artificer on Oct 5, 2021.
             Killed from afar by a white imp (10 damage)
             ... with a puff of frost
             ... on level 5 of the Dungeon.
             The game lasted 00:04:10 (5377 turns).

H0rd4k the Covered (Human Artificer)                Turns: 5377, Time: 00:04:11

Health: -3/46      AC:  5    Str: 13    XL:     6   Next: 88%
Magic:  6/6        EV: 12    Int: 13    God:
Gold:   130        SH:  0    Dex: 13    Spells: 5/5 levels left

rFire    . . .     SeeInvis .   p - +2 dagger (venom)
rCold    . . .     Faith    .   (no shield)
rNeg     . . .     Spirit   .   b - +0 leather armour
rPois    .         Reflect  .   y - +0 helmet
rElec    .         Harm     .   (no cloak)
rCorr    .         Rampage  .   a - +0 pair of gloves
Will     .....                  (no boots)
Stlth    +.........             (no amulet)
HPRegen  0.15/turn              (no ring)
MPRegen  0.10/turn              (no ring)

@: lit by a corona, glowing
A: no striking features
a: no special abilities


You were on level 5 of the Dungeon.
You visited 1 branch of the dungeon, and saw 6 of its levels.

You collected 130 gold pieces.

Inventory:

Hand Weapons
 p - a +2 dagger of venom (weapon)
Missiles
 j - 3 javelins
 w - 7 datura-tipped darts
Armour
 a - a +0 pair of gloves (worn)
 b - a +0 leather armour (worn)
 y - a +0 helmet (worn)
Magical Staves
 q - a staff of conjuration
Jewellery
 s - a ring of positive energy
Wands
 c - a wand of flame (20) (quivered)
 d - a wand of charming (13)
Scrolls
 f - a scroll of holy word {unknown}
 g - a scroll of teleportation {unknown}
 i - a scroll of immolation {unknown}
 l - 2 scrolls of fog {unknown}
 m - 4 scrolls of identify {unknown}
 o - a scroll of enchant armour {unknown}
 r - 2 scrolls of magic mapping {unknown}
 u - 2 scrolls of fear {unknown}
 x - a scroll of noise {unknown}
Potions
 h - a potion of lignification {unknown}
 k - a potion of degeneration {unknown}
 n - a potion of attraction {unknown}
 t - a potion of ambrosia {unknown}
 v - a potion of haste {unknown}
 z - a potion of brilliance {unknown}
Miscellaneous
 e - a piece from Xom's chessboard (15/15)


   Skills:
 + Level 2.4 Fighting
 + Level 3.4 Short Blades
 + Level 3.9 Armour
 + Level 2.8 Dodging
 - Level 1.0 Stealth
 + Level 3.4 Evocations


You had 5 spell levels left.
You didn't know any spells.
Your spell library contained the following spells:

 Spells                   Type           Power      Damage    Failure   Level
 Foxfire                  Conj/Fire      0%         2x1d4     36%         1
 Conjure Flame            Conj/Fire      0%         6-21      75%         3
 Inner Flame              Hex/Fire       0%         N/A       75%         3


Dungeon Overview and Level Annotations

Branches:
Dungeon (6/15)
 Temple: D:4-7

Altars:

Shops:
D:2 (


Message History

You miss the adder. The adder barely misses you.
You barely miss the adder. The adder barely misses you.
You hit the adder but do no damage. The adder bites you.
The white imp gestures at you. The puff of frost hits you.
You closely miss the adder. The adder closely misses you.
The adder barely misses you. The adder bites you.
You are poisoned.
The adder poisons you!
You feel sick.
You feel sick.
Aiming: Charm
Press: ? - help, Shift-Dir - straight line, f - adder
Aim: an adder (chance to affect: 64%)
The adder is charmed.
You feel sick. The white imp gestures at you.
The puff of frost hits your adder.
The gnoll shaman barely misses your adder.
Your adder bites the white imp.
You feel sick. The white imp gestures at you.
The puff of frost hits your adder.
The gnoll shaman hits your adder with a +0 whip.
Your adder dies!
You open the door.
You feel sick.
You are no longer poisoned.
The white imp gestures at you. The puff of frost hits you!
* * * LOW HITPOINT WARNING * * *
The gnoll shaman mumbles some strange prayers to its god against you.
You are outlined in light.
Unknown command.
Aiming: Charm
Press: ? - help, Shift-Dir - straight line, f - gnoll shaman
Aim: a gnoll shaman, wielding a +0 whip and wearing a +0 robe (chance to affect: 55%)
The gnoll shaman is charmed.
The white imp gestures at you. The puff of frost hits you!
You die...

### #. .# # #.. ..#....
.#. #.# .##.#.##.. ###
#.# .##......## ....
#.##.##....# .. .....
#..#....#..#.#.
......####g..####.....#.
......'@..5........#....
......####...#####.#.##.
..... #...## #..g...
.... #....# #.##... ...
#....# #...... #+ ####.#
####### .# # .# #


You could see a white imp (ally target) and a friendly gnoll shaman (charmed).

Vanquished Creatures
  A bullfrog zombie (D:6)
  An orc priest (D:3)
  Ijyb (D:3)
  A centaur skeleton (D:6)
  An iguana (D:6)
  2 orc wizards (D:3)
  4 adders
  3 dart slugs
  11 orcs
  2 bats
  6 endoplasms
  16 goblins
  9 hobgoblins
  9 jackals
  2 quokkas (D:2)
  8 ball pythons
  3 kobolds
  5 rats
85 creatures vanquished.

Vanquished Creatures (others)
  An orc wizard (D:3)
  An adder (D:5)
2 creatures vanquished.

Grand Total: 87 creatures vanquished

Notes
Turn   | Place    | Note
-------+----------+-------------------------------------------
     0 | D:1      | H0rd4k the Human Artificer began the quest for the Orb.
     0 | D:1      | Reached XP level 1. HP: 15/15 MP: 1/1
   365 | D:1      | Reached XP level 2. HP: 6/21 MP: 2/2
  1076 | D:1      | Found a faded altar of an unknown god.
  1359 | D:1      | Reached XP level 3. HP: 17/26 MP: 3/3
  1727 | D:2      | Found Ocratan's Weapon Boutique.
  2341 | D:2      | Reached XP level 4. HP: 25/32 MP: 4/4
  2550 | D:2      | Reached skill level 1 in Short Blades
  3163 | D:3      | Reached XP level 5. HP: 30/37 MP: 5/5
  4192 | D:3      | Reached XP level 6. HP: 31/44 MP: 6/6
  4383 | D:3      | Noticed Ijyb
  4417 | D:3      | Killed Ijyb
  5138 | D:4      | You fall into a shaft and drop 2 floors!
  5253 | D:6      | Noticed an ice beast
  5265 | D:5      | Entered Level 5 of the Dungeon
  5377 | D:5      | Killed from afar by a white imp

Illustrated notes

Levels and vault maps discovered:
D:1:      roderic_chinese_lattice_arrival, layout_basic,
          hellmonk_ecumenical_altar_inner_sanctum
D:2:      layout_loops_ring, serial_shops, shop
D:3:      kennysheep_the_goblin_king, layout_basic, kennysheep_doodads,
          guppyfry_early_orc_mine
D:4:      layout_basic
D:5:      corexii_shack_village, layout_loops_corners,
          nemelex_spade_bored_becter, minmay_temple_entry_ruins
D:6:      minmay_spotlight, layout_loops_corners, makhleb_blood_cavern_becter,
          corner_web_ring

Skill      XL: |  1  2  3  4  5  6 |
---------------+-------------------+-----
Armour         | 3 |  3.9
Short Blades   | 2 3 |  3.4
Dodging        | 2 |  2.8
Fighting       | 2 |  2.4
Stealth        | |  1.0
Evocations     | |  3.4

Action                   |  1- 3 |  4- 6 || total
-------------------------+-------+-------++-------
Melee: Club              |    33 |       ||    33
       Dagger            |    80 |   224 ||   304
Evoke: Wand              |     1 |     2 ||     3
 Stab: Sleeping          |     2 |     1 ||     3
       Distracted        |       |     1 ||     1
Armor: Leather armour    |    32 |    47 ||    79
Dodge: Dodged            |    67 |   118 ||   185
